 Dungeon Crawl Stone Soup version 0.24.0-1-gfbc8707122 (webtiles) character file.

Game seed: 12635362994336611648, levelgen mode: deterministic

39 stripedtigrrr the Grave Robber (level 3, -1/25 HPs)
             Began as a Gnoll Necromancer on Oct 27, 2019.
             Slain by Robin
             ... wielding a +0 club
              (4 damage)
             ... on level 2 of the Dungeon.
             The game lasted 00:10:03 (1748 turns).

stripedtigrrr the Grave Robber (Gnoll Necromancer)  Turns: 1748, Time: 00:10:04

Health: -1/25      AC:  2    Str: 10    XL:     3   Next: 47%
Magic:  1/9        EV: 14    Int: 18    God:
Gold:   135        SH:  0    Dex: 15    Spells: 7/12 levels left

rFire    . . .     SeeInvis .   (no weapon)
rCold    . . .     Gourm    .   (no shield)
rNeg     . . .     Faith    .   a - +0 robe
rPois    .         Spirit   .   (no helmet)
rElec    .         Reflect  .   (no cloak)
rCorr    .         Harm     .   (no gloves)
MR       .....                  (no boots)
Stlth    +++.......             o - amulet of regeneration
HPRegen  0.48/turn              (no ring)
MPRegen  0.11/turn              (no ring)

@: no status effects
A: distributed training, fangs 1, strong nose
a: no special abilities


You were on level 2 of the Dungeon.
You were not hungry.

You visited 1 branch of the dungeon, and saw 2 of its levels.

You collected 135 gold pieces.

Inventory:

Hand Weapons
 i - a +1 antimagic dagger
Missiles
 g - 10 poisoned darts
 j - 6 stones (quivered)
 q - 2 throwing nets
Armour
 a - a +0 robe (worn)
 k - a +0 leather armour
Jewellery
 o - an amulet of regeneration (around neck)
Scrolls
 b - a scroll of amnesia {unknown}
 d - a scroll of teleportation {unknown}
 e - a scroll of identify {unknown}
 l - a scroll of remove curse {unknown}
 n - a scroll of magic mapping {unknown}
Potions
 f - 2 potions of curing {unknown}
 h - a potion of heal wounds {unknown}
 m - a potion of brilliance {unknown}
Comestibles
 c - 4 rations
 p - 2 chunks of flesh


   Skills:
 + Level 0.8 Fighting
 + Level 0.8 Short Blades
 + Level 0.8 Long Blades
 + Level 0.8 Axes
 + Level 0.8 Maces & Flails
 + Level 0.8 Polearms
 + Level 0.8 Staves
 + Level 0.8 Slings
 + Level 0.8 Bows
 + Level 0.8 Crossbows
 + Level 0.8 Throwing
 + Level 0.8 Armour
 + Level 4.5 Dodging
 + Level 4.1 Stealth
 + Level 0.8 Shields
 + Level 0.8 Unarmed Combat
 + Level 5.0 Spellcasting
 + Level 0.5 Conjurations
 + Level 0.5 Hexes
 + Level 0.5 Charms
 + Level 0.5 Summonings
 + Level 7.1 Necromancy
 + Level 0.5 Translocations
 + Level 0.5 Transmutations
 + Level 0.5 Fire Magic
 + Level 0.5 Ice Magic
 + Level 0.5 Air Magic
 + Level 0.5 Earth Magic
 + Level 0.5 Poison Magic
 + Level 1.0 Invocations
 + Level 0.8 Evocations


You had 7 spell levels left.
You knew the following spells:

 Your Spells              Type           Power        Failure   Level  Hunger
a - Pain                  Necr           ####         1%          1    None
b - Animate Skeleton      Necr           N/A          1%          1    None
c - Regeneration          Chrm/Necr      ###.......   9%          3    ##.....

Your spell library contained the following spells:

 Spells                   Type           Power        Failure   Level  Hunger
 Vampiric Draining        Necr           ####......   2%          3    ##.....
 Animate Dead             Necr           N/A          7%          4    ####...


Dungeon Overview and Level Annotations

Branches:
Dungeon (2/15)

Altars:
Cheibriados
Gozag

Annotations:
D:2 Robin


Innate Abilities, Weirdness & Mutations

Your experience applies equally to all skills.
You have very sharp teeth.
Your uncanny sense of smell can sniff out nearby items.


Message History

Robin throws the goblin at you! The goblin closely misses you.
A goblin comes into view. It is wielding a +0 dagger.
You closely miss the goblin.
The goblin shouts!
You bite the goblin.
The goblin is moderately wounded.
You hear a shout!
The goblin no longer looks unusually strong.
Robin roars a battlecry!
The goblins go into a battle-frenzy!
The goblin hits you. x2
Robin hits you with a +0 club. The goblin hits you.
* * * LOW HITPOINT WARNING * * *
You hit Robin but do no damage.
Robin is heavily wounded.
The goblin misses you. x2
You hit Robin but do no damage. You bite Robin, but do no damage.
Robin is heavily wounded.
Robin hits you with a +0 club.
You die...

#.# #..## #.# #...#
#.# ###### #.#
##_## #.# 8...8
#.## #.....# #..##
####8.....8
##...###..##.....##
#....g@gg(##8...8#
........g##g##
####.....##.#
##...###.## ##.##
#g.# #.# #.## #.
#.# #. #g# #.#


You could see Robin and 4 goblins.

Vanquished Creatures
  A gnoll (D:1)
  An ooze (D:1)
  A dart slug (D:1)
  A bat (D:1)
  A giant cockroach (D:1)
  A goblin (D:1)
  5 hobgoblins
  3 frilled lizards
  5 kobolds (D:1)
  5 rats
24 creatures vanquished.

Notes
Turn   | Place    | Note
-------+----------+-------------------------------------------
     0 | D:1      | stripedtigrrr the Gnoll Necromancer began the quest for the
                  | Orb.
     0 | D:1      | Reached XP level 1. HP: 13/13 MP: 6/6
     4 | D:1      | Learned a level 1 spell: Animate Skeleton
   370 | D:1      | Reached XP level 2. HP: 17/19 MP: 3/7
   727 | D:1      | Reached XP level 3. HP: 25/25 MP: 7/9
   842 | D:1      | Learned a level 3 spell: Regeneration
   962 | D:1      | Reached skill level 5 in Spellcasting
  1649 | D:2      | Found a snail-covered altar of Cheibriados.
  1670 | D:2      | Found an opulent altar of Gozag.
  1719 | D:2      | Noticed Robin
  1733 | D:2      | Reached skill level 1 in Invocations
  1748 | D:2      | Slain by Robin

Levels and vault maps discovered:
D:1:      dpeg_cavernosity, layout_basic, chequers_jeans
D:2:      layout_loops_ring, nicolae_overflow_hidden_temple,
          lemuel_doored_altar, minmay_split_cup_small, uniq_robin, uniq_jessica

Skill      XL: |  1  2  3 |
---------------+----------+-----
Spellcasting   | 5 |  5.0
Invocations    | 1 |  1.0
Fighting       | |  0.8
Short Blades   | |  0.8
Long Blades    | |  0.8
Axes           | |  0.8
Maces & Flails | |  0.8
Polearms       | |  0.8
Staves         | |  0.8
Slings         | |  0.8
Bows           | |  0.8
Crossbows      | |  0.8
Throwing       | |  0.8
Armour         | |  0.8
Dodging        | |  4.5
Stealth        | |  4.1
Shields        | |  0.8
Unarmed Combat | |  0.8
Conjurations   | |  0.5
Hexes          | |  0.5
Charms         | |  0.5
Summonings     | |  0.5
Necromancy     | |  7.1
Translocations | |  0.5
Transmutations | |  0.5
Fire Magic     | |  0.5
Ice Magic      | |  0.5
Air Magic      | |  0.5
Earth Magic    | |  0.5
Poison Magic   | |  0.5
Evocations     | |  0.8

Action                   || total
-------------------------++-------
Melee: Unarmed           ||    35
       Bite              ||     4
Throw: Dart              ||     2
       Stone             ||    13
 Cast: Pain              ||    36
 Stab: Sleeping          ||     5
  Eat: Chunk             ||     2
Armor: Robe              ||     4
Dodge: Dodged            ||    24
